 Dungeon Crawl Stone Soup version 0.31.0-12-g77e489cdc1 (webtiles) character file.

Game seed: 8019798273303804157

2130 Silvore the Slasher (level 9, -3/68 HPs)
             Began as a Demonspawn Fighter on Feb 15, 2024.
             Slain by a yak (10 damage)
             ... on level 6 of the Dungeon.
             The game lasted 00:06:48 (5905 turns).

Silvore the Slasher (Demonspawn Fighter)            Turns: 5905, Time: 00:06:49

Health: -3/68      AC: 14    Str: 20    XL:     9   Next: 9%
Magic:  9/9        EV:  6    Int:  9    God:
Gold:   329        SH: 10    Dex: 13    Spells: 8/8 levels left

rFire   . . .        a - +0 long sword (venom)
rCold   . . .        c - +0 buckler
rNeg    . . .        f - +0 plate armour
rPois   .            (no helmet)
rElec   .            (no cloak)
rCorr   .            v - +0 pair of gloves
SInv    .            (no boots)
Will    .....        k - amulet of reflection Stlth
                     e - ring of wizardry
HPRegen 0.31/turn    (no ring)
MPRegen 0.11/turn

%: reflection, wizardry (x1)
@: invisible
A: claws 2, demonic guardian 1, weakness stinger 1
a: no special abilities


You were on level 6 of the Dungeon.
You visited 1 branch of the dungeon, and saw 7 of its levels.

You collected 329 gold pieces.

Inventory:

Hand Weapons
 a - a +0 long sword of venom (weapon)
Armour
 b - a +0 scale mail
 c - a +0 buckler (worn)
 f - a +0 plate armour (worn)
 p - a +0 chain mail
 v - a +0 pair of gloves (worn)
Jewellery
 e - a ring of wizardry (left hand)
 k - an amulet of reflection (around neck)
 n - an amulet of the acrobat
 q - an amulet of magic regeneration
Wands
 g - a wand of acid (14)
Scrolls
 j - 2 scrolls of brand weapon
 r - a scroll of poison
 s - a scroll of fear
 t - a scroll of amnesia {unknown}
Potions
 d - a potion of haste
 h - 2 potions of mutation
 i - 2 potions of curing
 m - a potion of attraction
 o - a potion of heal wounds {unknown}
 u - 2 potions of magic


   Skills:
 + Level 5.5 Fighting
 + Level 6.4 Long Blades
 + Level 6.3 Armour
 + Level 0.8 Dodging
 + Level 0.5 Stealth
 + Level 5.9 Shields


You had 8 spell levels left.
You didn't know any spells.
Your spell library contained the following spells:

 Spells                   Type           Power      Damage    Failure   Level
 Sting                    Conj/Alch      0%         1d3       98%         1
 Mercury Vapours          Alch/Air       0%         N/A       99%         2
 Ozocubu's Armour         Ice            0%         N/A       100%        3
 Tukima's Dance           Hex            0%         N/A       100%        3
 Dimensional Bullseye     Hex/Tloc       0%         N/A       100%        4
 Iskenderun's Mystic Bla  Conj/Tloc      0%         2d3       100%        4
 Olgreb's Toxic Radiance  Alch           0%         N/A       100%        4
 Metabolic Englaciation   Hex/Ice        0%         N/A       100%        5
 Sculpt Simulacrum        Ice/Alch       0%         N/A       100%        6


Dungeon Overview and Level Annotations

Branches:
Dungeon (7/15)
 Temple: D:4-7

Altars:
Hepliaklqana

Shops:
D:3 ?   D:5 :


Innate Abilities, Weirdness & Mutations

You have very sharp fingernails.
A weak demonic guardian rushes to your aid.
You have a small tail.


Message History

You hit the yak.
The yak is poisoned.
The yak is lightly wounded.
The yak gores you!
* * * LOW HITPOINT WARNING * * *
You block the yak's attack.
You hit the yak but do no damage.
The yak looks as sick as possible!
The yak is severely wounded.
The yak snorts and paws the ground.
The yak gores you!
* * * LOW HITPOINT WARNING * * *
A demonic guardian appears!
The yak closely misses you.
You hit the yak but do no damage.
The yak is severely wounded.
The yak gores you!
* * * LOW HITPOINT WARNING * * *
You block the yak's attack.
Your quasit bites the yak but does no damage.
Your quasit claws the yak but does no damage.
Your quasit barely misses the yak.
Unknown command.
You feel better.
Your quasit bites the yak.
Your quasit claws the yak but does no damage. x2
The yak gores your quasit! The yak barely misses you.
You fade into invisibility!
Your quasit bites the yak but does no damage.
Your quasit barely misses the yak. x2; The yak misses your quasit.
You block the yak's attack.
Your quasit bites the yak.
The yak dies!
You catch the helpless yak completely off-guard!
You hit the yak.
The yak is moderately wounded.
Your quasit closely misses the yak.
Your quasit claws the yak.
Your quasit claws the yak but does no damage.
You catch the helpless yak completely off-guard!
You hit the yak but do no damage.
Your quasit bites the yak but does no damage.
Your quasit claws the yak.
Your quasit claws the yak but does no damage.
The yak closely misses your quasit. The yak gores you!
You die...

...# #..............+## ...#
#...............# ...#
##+#..P......P...#
...###................#
...'..†..#...P..P...#.#
...###.............##.# ...#
#.....##......##.# ...#
#.......####5.##.# ...#
#...###.###@Y###.########### ..##
#...# #..##Y## #............
..####...####...Y# #############
..#............>†################
..#.#######................#.....
..#.#.....#.##############.#.####
..#.#.###.#.# #.#.# ..#'#.# #.#.#
#.#.# #.....# #.#.##### #.#.#


You could see 3 yaks and a friendly quasit (summoned).

Vanquished Creatures
  Sigmund (D:6)
  A wraith (D:6)
  A yak (D:6)
  A water moccasin (D:7)
  Duvessa (D:5)
  3 ice beasts (D:5)
  A black bear (D:6)
  An ogre (D:4)
  The ghost of RockinRobin the Shield-Bearer, an amateur FoFi (D:3)
  2 scorpions (D:5)
  Dowan (D:5)
  A bombardier beetle (D:4)
  A howler monkey (D:4)
  2 hounds
  2 jellies
  2 iguanas
  5 orc wizards
  2 sleepcaps (D:5)
  9 adders
  2 shadow imps
  3 white imps (D:4)
  6 ufetubi
  3 dart slugs
  A ribbon worm (D:3)
  7 orcs
  7 bats
  7 endoplasms
  10 goblins
  2 hobgoblins
  3 quokkas
  5 ball pythons
  5 frilled lizards
  3 kobolds
  7 rats
109 creatures vanquished.

Vanquished Creatures (collateral kills)
  A yak (D:6)
  A gnoll (D:3)
  An endoplasm (D:4)
3 creatures vanquished.

Grand Total: 112 creatures vanquished

Notes
Turn   | Place    | Note
-------+----------+-------------------------------------------
     0 | D:1      | Silvore the Demonspawn Fighter began the quest for the Orb.
     0 | D:1      | Reached XP level 1. HP: 18/18 MP: 1/1
    45 | D:1      | Discovered your monstrous ancestry.
    45 | D:1      | Gained mutation: You have sharp fingernails. [demonic
                  | ancestry]
    45 | D:1      | Reached XP level 2. HP: 15/24 MP: 2/2
   665 | D:2      | Reached XP level 3. HP: 26/29 MP: 3/3
  1405 | D:3      | Found a runed translucent door.
  1408 | D:3      | Noticed RockinRobin's ghost (amateur FoFi)
  1754 | D:3      | Found Epnolyij's Magic Scroll Shoppe.
  2080 | D:3      | Gained mutation: A weak demonic guardian rushes to your
                  | aid. [demonic ancestry]
  2080 | D:3      | Reached XP level 4. HP: 35/35 MP: 4/4
  2606 | D:3      | Killed RockinRobin's ghost
  2607 | D:3      | Gained mutation: You have very sharp fingernails. [demonic
                  | ancestry]
  2607 | D:3      | Reached XP level 5. HP: 30/42 MP: 5/5
  2866 | D:4      | Reached XP level 6. HP: 20/48 MP: 6/6
  3697 | D:5      | Entered Level 5 of the Dungeon
  3708 | D:5      | Gained mutation: You have a small tail. [demonic ancestry]
  3708 | D:5      | Reached XP level 7. HP: 43/55 MP: 7/7
  3839 | D:5      | Found Varphail's Book Shoppe.
  3848 | D:5      | Noticed Dowan
  3848 | D:5      | Noticed Duvessa
  3866 | D:5      | Killed Duvessa
  3876 | D:5      | Killed Dowan
  4065 | D:5      | Reached skill level 5 in Long Blades
  4065 | D:5      | Reached skill level 5 in Armour
  4249 | D:5      | Reached XP level 8. HP: 55/61 MP: 8/8
  4254 | D:5      | Reached skill level 5 in Shields
  4410 | D:5      | Reached skill level 5 in Fighting
  5596 | D:6      | Noticed Sigmund
  5611 | D:6      | Killed Sigmund
  5649 | D:6      | Found a hazy altar of Hepliaklqana.
  5889 | D:6      | Reached XP level 9. HP: 57/68 MP: 9/9
  5901 | D:6      | HP: 1/68 [yak (10)]
  5905 | D:6      | Slain by a yak

Illustrated notes

Levels and vault maps discovered:
D:1:      roderic_crossed_star, layout_basic, minmay_surrounded
D:2:      layout_loops_cross
D:3:      kb_forest_paths, layout_loops_corners, serial_shops,
          nicolae_shop_rolled_up, ebering_ghost_sewer_d, grunt_ministairs_12
D:4:      layout_rooms, serial_demonic, serial_demonic_e, serial_demonic_g,
          serial_demonic_b, serial_demonic_c, serial_demonic_d
D:5:      layout_basic, serial_shops, shop, hangedman_decor_points,
          minmay_a_box_with_orc_wizards_in_it, uniq_duvessa
D:6:      layout_basic, general_overflow_altar, minmay_misc_feat_plants,
          uniq_sigmund
D:7:      layout_rooms, minmay_temple_entry_from_below_a, serial_curves,
          eino_curves_02, eino_curves_02

Skill      XL: |  1  2  3  4  5  6  7  8 |
---------------+-------------------------+-----
Shields        | 3 4 5 |  5.9
Long Blades    | 2 3 4 5 6 |  6.4
Armour         | 3 4 5 6 |  6.3
Fighting       | 4 5 |  5.5
Dodging        | |  0.8
Stealth        | |  0.5

Action                     |  1- 3 |  4- 6 |  7- 9 || total
---------------------------+-------+-------+-------++-------
  Melee: Long sword        |   150 |   151 |   171 ||   472
         Tailslap          |       |       |    27 ||    27
    Use: Scroll            |     3 |     3 |     5 ||    11
         Potion            |       |     1 |     2 ||     3
   Stab: Invisible         |       |       |     2 ||     2
 Armour: Scale mail        |    24 |       |       ||    24
         Plate armour      |   101 |   136 |   143 ||   380
  Dodge: Dodged            |    35 |    32 |    43 ||   110
  Block: Buckler           |    38 |    94 |    88 ||   220
         Reflection        |       |     2 |     2 ||     4
